 Dungeon Crawl Stone Soup version 0.15-a0-2102-gacb6860 (webtiles) character file.

14212 Qrupt the Covert (level 11, -4/123 HPs)
             Began as a Demigod Assassin on July 16, 2014.
             Slain by a spiny frog (5 damage)
             ... on Level 2 of the Lair of Beasts.
             The game lasted 01:05:17 (19952 turns).

Qrupt the Covert (Demigod Assassin)                Turns: 19952, Time: 01:05:17

HP  -4/123       AC 28     Str 15      XL: 11   Next: 56%
MP  18/18        EV  2     Int 21      God:
Gold 324         SH  5     Dex 23      Spells:  1 memorised,  6 levels left

rFire  . . .     SeeInvis .     J - +1 dagger (venom)
rCold  . . .     Clarity  .     h - melded +0 robe of Incorporation {rPois Str+4}
rNeg   + + +     rCorr    .     A - +1 buckler
rPois  +         rRot     .     c - +2 helmet
rElec  .         Spirit   .     d - melded +0 cloak
SustAb .         Warding  .     (gloves currently unavailable)
rMut   .         NoTele   +     n - melded +0 pair of boots
Gourm  .                        (no amulet)
MR     +....                    E - +3 ring of evasion
                                k - +5 ring of intelligence

@: tree-form, somewhat resistant to hostile enchantments, extraordinarily
stealthy
A: no striking features
a: no special abilities


You were on level 2 of the Lair of Beasts.
You were near starving.
You were an animated tree.
You visited 2 branches of the dungeon, and saw 13 of its levels.
You also visited: Ossuary.

You collected 743 gold pieces.
You spent 419 gold pieces at shops.

Inventory:

Hand weapons
 b - a +0 blowgun
 w - a +3 dagger of chaos
 J - a +1 dagger of venom (weapon)
 O - a +1 short sword of speed
Missiles
 e - 45 poisoned needles
 f - a curare-tipped needle
Armour
 c - a +2 helmet (worn)
 d - a +0 cloak (melded)
 h - the +0 robe of Incorporation (melded) {rPois Str+4}
   (You found it on level 6 of the Dungeon)

   It affects your strength (+4).
   It protects you from poison.
 n - a +0 pair of boots (melded)
 A - a +1 buckler (worn)
 B - a +0 troll leather armour
 G - a +2 ring mail of fire resistance
 Q - a +0 cloak
Magical devices
 i - a wand of random effects (11) {unknown}
 o - a wand of hasting (4)
 y - a wand of frost (21)
 D - a wand of magic darts (5)
 M - a wand of polymorph (6)
 N - a wand of slowing (9)
 P - a wand of disintegration (5)
 T - a wand of random effects (19) {unknown}
 V - a wand of hasting (0)
 Z - a wand of flame (9) {unknown}
Comestibles
 a - a beef jerky
 g - 9 bread rations
 u - 6 meat rations
 Y - a slice of pizza
Scrolls
 j - a scroll of blinking
 l - 8 scrolls of identify
 m - 8 scrolls of remove curse
 p - 2 scrolls of enchant armour
 s - 6 scrolls of recharging
 t - 2 scrolls of magic mapping
 v - 3 scrolls of teleportation
 C - a scroll of summoning {unknown}
 F - a scroll of amnesia
 H - a scroll of enchant weapon
 S - 2 scrolls of vulnerability
 U - a scroll of acquirement {unknown}
Jewellery
 k - a +5 ring of intelligence (left branch)
 E - a +3 ring of evasion (right branch)
Potions
 q - a potion of cancellation
 r - 3 potions of haste
 x - a potion of brilliance
 z - 5 potions of curing
 I - a potion of might
 W - a potion of magic
Books
 K - a book of the Warp

   Spells                             Type                      Level
   *Control Teleport                  Charms/Translocation         4
   Phase Shift                        Translocation                5
   Warp Weapon                        Charms/Translocation         5
   Dispersal                          Translocation                6
   Controlled Blink                   Translocation                7
   Disjunction                        Translocation                8
 L - a book of Conjurations

   Spells                             Type                      Level
   Magic Dart                         Conjuration                  1
   Searing Ray                        Conjuration                  2
   Dazzling Spray                     Conjuration/Hexes            3
   Fulminant Prism                    Conjuration/Hexes            4
   Iskenderun's Mystic Blast          Conjuration                  4
   Iskenderun's Battlesphere          Conjuration/Charms           5


   Skills:
 + Level 3.3 Fighting
 - Level 8.0 Short Blades
 - Level 1.7 Throwing
 - Level 8.3 Dodging
 - Level 11.5 Stealth
 - Level 5.1 Charms
 - Level 7.0 Translocations


You had 6 spell levels left.
You knew the following spells:

 Your Spells              Type           Power        Failure   Level  Hunger
a - Control Teleport      Chrm/Tloc      ####......   17%         4    #####..


Dungeon Overview and Level Annotations

Branches:
Dungeon (11/15) Temple (0/1) D:7 Orc (0/4) D:9 D:11 Lair (2/8) D:11

Shops:
D:7 %=   D:10 !

Annotations:
D:6 Grinder
D:8 Conan321's ghost, experienced OpWz


Message History

The spiny frog barely misses you.
You closely miss the spiny frog.
The spiny frog is moderately wounded.
The spiny frog completely misses you.
You hit the spiny frog.
The spiny frog is moderately wounded.
The spiny frog stings you!!
* * * LOW HITPOINT WARNING * * *
You miss the water moccasin.
Drink which item? (? for menu, Esc to quit)
You turn into an animated tree.
Your +0 cloak melds into your body.
Your +0 pair of boots melds into your body.
The +0 robe of Incorporation {rPois Str+4} melds into your body.
Your roots penetrate the ground.
It was a potion of lignification.
The water moccasin bites you but does no damage.
The spiny frog stings you!
* * * LOW HITPOINT WARNING * * *
The water moccasin bites you but does no damage.
The spiny frog stings you.
You die...

♣.♣♣ ♣.♣♣ ..♣ ♣♣.♣♣ ♣♣♣
♣♣.♣ ♣..♣♣ ♣♣..♣♣♣ ♣♣...♣
♣♣♣.♣
#################.#######
...............S♣F........
.........................
.........................
.........................
........................
.......................
......................
.....................
...P####..##........


You could see a spiny frog and a water moccasin.

Vanquished Creatures
  A catoblepas (Lair:1)
  2 hill giants
  Pikel (D:5)
  An unseen horror (D:11)
  Maurice (D:8)
  Psyche (D:8)
  A komodo dragon (Lair:2)
  A blink frog (Lair:2)
  A deep elf mage (D:10)
  A troll (D:7)
  2 wyverns
  A wandering mushroom (D:8)
  2 wraiths
  18 yaks
  A wolf (Lair:1)
  3 hippogriffs
  Edmund (D:6)
  5 wargs
  2 ice beasts
  8 orc warriors
  4 slaves
  3 porcupines (Lair:1)
  4 water moccasins
  A necrophage (D:8)
  2 yellow wasps
  3 sky beasts
  6 ogres
  2 crocodiles (Lair:2)
  3 centaurs
  A gnoll sergeant (D:7)
  9 giant frogs
  A big kobold (D:7)
  A scorpion (D:4)
  3 wights (D:10)
  7 killer bees
  8 orc priests
  5 crimson imps
  2 human zombies (D:8)
  6 hounds
  2 jellies
  3 orc wizards
  2 human skeletons (D:8)
  7 worker ants
  2 iguanas
  2 sky beast zombies (D:10)
  An ogre skeleton (D:8)
  3 mummies (D:8)
  A hound skeleton (D:7)
  A worker ant zombie (D:11)
  13 green rats (Lair:1)
  14 adders
  2 shadow imps
  A giant mite (D:6)
  2 worms (D:3)
  An adder zombie (Ossuary)
  An ooze (D:2)
  20 orcs
  15 bats
  A bat skeleton (D:4)
  14 hobgoblins
  11 jackals
  21 kobolds
  12 quokkas
  2 ball pythons (D:2)
  3 giant cockroaches
  6 giant geckos
  A giant newt (D:2)
  A giant spore (D:6)
  14 goblins
  A goblin zombie (Ossuary)
  4 hobgoblin zombies (Ossuary)
  2 jackal zombies
  A kobold skeleton (D:6)
  12 kobold zombies (Ossuary)
  An orc skeleton (D:8)
  6 orc zombies
  2 quokka skeletons
  14 rats
  A rat skeleton (D:6)
  A rat zombie (Ossuary)
  5 ballistomycetes (D:6)
354 creatures vanquished.

Vanquished Creatures (others)
  A giant spore (D:6)
  A quokka (D:2)
  2 fungi (Lair:1)
4 creatures vanquished.

Grand Total: 358 creatures vanquished

Notes
Turn   | Place    | Note
--------------------------------------------------------------
     0 | D:1      | Qrupt, the Demigod Assassin, began the quest for the Orb.
     0 | D:1      | Reached XP level 1. HP: 17/17 MP: 2/2
    36 | D:1      | Reached skill level 4 in Stealth
   237 | D:1      | Reached XP level 2. HP: 18/24 MP: 3/3
   671 | D:2      | Reached XP level 3. HP: 29/29 MP: 5/5
   835 | D:2      | Found a white marble altar of Elyvilon.
   953 | D:2      | Reached skill level 5 in Stealth
  1254 | D:2      | Found a burning altar of Makhleb.
  1855 | D:3      | Reached XP level 4. HP: 29/36 MP: 7/7
  2067 | D:3      | Found a shattered altar of Ashenzari.
  2133 | D:3      | Found a shimmering altar of Xom.
  2262 | D:2      | Paralysed by a crimson imp for 4 turns
  2273 | D:2      | Reached skill level 6 in Stealth
  3328 | D:4      | Found a sand-covered staircase.
  3333 | Ossuary  | Entered an ossuary
  3411 | Ossuary  | Reached XP level 5. HP: 33/41 MP: 8/8
  4727 | D:4      | Found a snail-covered altar of Cheibriados.
  4791 | D:4      | Noticed an ogre
  4812 | D:4      | Killed an ogre
  4812 | D:4      | Reached XP level 6. HP: 38/48 MP: 10/10
  5012 | D:5      | Entered Level 5 of the Dungeon
  5235 | D:5      | Noticed Pikel
  6083 | D:5      | Killed Pikel
  6083 | D:5      | Reached skill level 7 in Short Blades
  6083 | D:5      | Reached XP level 7. HP: 53/53 MP: 12/12
  6571 | D:5      | Gained mutation: Your body is slowly deteriorating. [potion of mutation]
  6571 | D:5      | Gained mutation: You are somewhat resistant to further mutation. [potion of mutation]
  6573 | D:5      | Lost mutation: Your body is slowly deteriorating. [potion of cure mutation]
  6573 | D:5      | Lost mutation: You are somewhat resistant to further mutation. [potion of cure mutation]
  7478 | D:6      | Got a colourful robe
  7484 | D:6      | Identified the cursed +0 robe of Incorporation {rPois Str+4} (You found it on level 6 of the Dungeon)
  7537 | D:6      | Reached XP level 8. HP: 60/60 MP: 13/13
  7745 | D:6      | Reached skill level 8 in Short Blades
  7749 | D:6      | Noticed Edmund
  7749 | D:6      | Noticed Grinder
  7844 | D:6      | Reached skill level 1 in Dodging
  7924 | D:6      | Killed Edmund
  8105 | D:6      | Paralysed by Grinder for 7 turns
  8149 | D:7      | Found a shadowy altar of Dithmenos.
  8178 | D:7      | Noticed a troll
  8199 | D:7      | Killed a troll
  8405 | D:7      | Found Dewuoro's Jewellery Boutique.
  8427 | D:7      | Learned a level 4 spell: Control Teleport
  8438 | D:8      | Noticed Conan321's ghost (experienced OpWz)
  8497 | D:7      | Reached skill level 1 in Translocations
  8670 | D:7      | Bought a +3 ring of evasion for 315 gold pieces
  8755 | D:7      | Found a staircase to the Ecumenical Temple.
  8906 | D:7      | Reached skill level 5 in Dodging
  8994 | D:7      | Found Ficzuoh's Food Shoppe.
  9393 | D:7      | Reached XP level 9. HP: 56/67 MP: 15/15
  9678 | D:7      | Noticed a moth of wrath
  9682 | D:7      | Found a bloodstained altar of Trog.
 10023 | D:8      | Noticed Psyche
 10380 | D:8      | Noticed Maurice
 10396 | D:8      | Noticed a wandering mushroom
 10796 | D:9      | Found a radiant altar of Vehumet.
 10995 | D:9      | Reached skill level 5 in Translocations
 11342 | D:9      | Found a staircase to the Orcish Mines.
 11466 | D:9      | HP: 3/67 [yak (9)]
 11508 | D:8      | Killed Psyche
 11810 | D:8      | Killed Maurice
 11810 | D:8      | Reached XP level 10. HP: 42/73 MP: 17/17
 12025 | D:8      | Found an ancient bone altar of Kikubaaqudgha.
 12367 | D:8      | Killed a wandering mushroom
 12367 | D:8      | Reached skill level 1 in Charms
 12794 | D:9      | Found a roughly hewn altar of Beogh.
 13351 | D:9      | Found a deep blue altar of Sif Muna.
 13570 | D:10     | Entered Level 10 of the Dungeon
 13593 | D:10     | Noticed a hill giant
 13619 | D:10     | Killed a hill giant
 13650 | D:10     | Reached skill level 5 in Charms
 14634 | D:10     | Found Emilujoif's Distillery.
 14638 | D:10     | Bought a potion of curing for 26 gold pieces
 14638 | D:10     | Bought a potion of heal wounds for 39 gold pieces
 14638 | D:10     | Bought a potion of heal wounds for 39 gold pieces
 15587 | D:11     | Found a staircase to the Orcish Mines.
 15631 | D:11     | Found a staircase to the Lair.
 15690 | D:11     | Reached XP level 11. HP: 23/79 MP: 18/18
 15870 | D:11     | Reached skill level 9 in Stealth
 17003 | D:11     | Killed an unseen horror
 17201 | D:11     | Reached skill level 10 in Stealth
 17300 | Lair:1   | Entered Level 1 of the Lair of Beasts
 18380 | Lair:1   | Reached skill level 11 in Stealth
 18388 | Lair:1   | Noticed a five-headed hydra
 18808 | Lair:1   | Noticed a catoblepas
 18808 | Lair:1   | a five-headed hydra changed into a catoblepas
 18852 | Lair:1   | Killed a catoblepas
 19952 | Lair:2   | HP: 1/123 [spiny frog (12)]
 19952 | Lair:2   | Slain by a spiny frog

Action                   |  1- 3 |  4- 6 |  7- 9 | 10-12 || total
-------------------------+-------+-------+-------+-------++-------
Melee: Dagger            |   146 |   392 |   749 |  1321 ||  2608
       Short sword       |       |       |       |   130 ||   130
 Fire: Blowgun           |       |    20 |    24 |       ||    44
Evoke: Wand              |       |     1 |     2 |     1 ||     4
  Use: Potion            |     3 |       |    11 |     8 ||    22
       Scroll            |     1 |     4 |    11 |    10 ||    26
 Stab: Sleeping          |     7 |    14 |    11 |    25 ||    57
       Fleeing           |       |       |     1 |       ||     1
       Distracted        |       |       |     1 |     2 ||     3
  Eat: Chunk             |     2 |     7 |     9 |    19 ||    37
       Pizza             |       |     2 |       |     1 ||     3
       Fruit             |       |     2 |     1 |     2 ||     5
       Beef jerky        |       |     2 |     3 |     3 ||     8
       Bread ration      |       |       |     1 |       ||     1
